 Dungeon Crawl Stone Soup version 0.30-a0-29-g142975f185 (webtiles) character file.

Game seed: 16389934821057673508

602 fingers the Insei (level 7, -11/46 HPs)
             Began as an Octopode Transmuter on Aug 26, 2022.
             Was a Believer of Okawaru.
             Mangled by a boulder beetle (29 damage)
             ... on level 7 of the Dungeon.
             The game lasted 00:14:07 (8516 turns).

fingers the Insei (Octopode Transmuter)             Turns: 8516, Time: 00:14:08

Health: -11/46     AC:  1    Str: 11    XL:     7   Next: 41%
Magic:  3/12       EV: 29    Int: 16    God:    Okawaru [**....]
Gold:   126        SH:  0    Dex: 12    Spells: 3/13 levels left

rFire   . . .      SeeInvis .      - Unarmed
rCold   . . .      Faith    .    (no shield)
rNeg    + . .      Spirit   .    (helmet restricted)
rPois   .          Reflect  .    e - amulet of the acrobat
rElec   .          Harm     .    i - ring of positive energy
rCorr   +          Rampage  .    l - ring of flight
Will    .....                    y - ring of resist corrosion
Stlth   +.........               z - +4 ring of slaying
HPRegen 0.15/turn                (no ring)
MPRegen 0.13/turn                (no ring)
                                 (no ring)
                                 (no ring)

@: acrobatic, flying, contaminated, glowing
A: almost no armour, amphibious, 8 rings, camouflage 1, gelatinous body 1,
(nimble swimmer 1), tentacles
a: Renounce Religion, Heroism


You were on level 7 of the Dungeon.
You worshipped Okawaru.
Okawaru was pleased with you.
You visited 1 branch of the dungeon, and saw 5 of its levels.

You collected 254 gold pieces.
You spent 128 gold pieces at shops.

Inventory:

Hand Weapons
 A - a +2 vorpal hammer
Missiles
 r - 5 atropa-tipped darts
Armour
 k - an orb of guile
Jewellery
 e - an amulet of the acrobat (around mantle)
 i - a ring of positive energy (left tentacle)
 j - an amulet of regeneration
 l - a ring of flight (right tentacle)
 y - a ring of resist corrosion (on tentacle)
 z - a +4 ring of slaying (on tentacle)
Wands
 p - a wand of quicksilver (24)
 x - a wand of roots (7)
Scrolls
 b - 2 scrolls of teleportation {unknown}
 d - a scroll of enchant armour {unknown}
 f - 2 scrolls of fear {unknown}
 o - a scroll of amnesia
 u - 2 scrolls of enchant weapon {unknown}
 v - a scroll of magic mapping {unknown}
 w - a scroll of noise {unknown}
 B - a scroll of identify
 C - a scroll of vulnerability {unknown}
Potions
 a - 2 potions of lignification
 c - 2 potions of haste {unknown}
 g - 3 potions of mutation {unknown}
 h - a potion of heal wounds
 m - 2 potions of flight {unknown}
 n - a potion of brilliance
 q - 2 potions of curing
 s - a potion of degeneration
 t - a potion of magic {unknown}


   Skills:
 * Level 3.4 Fighting
 * Level 3.9 Dodging
 * Level 4.5 Unarmed Combat
 * Level 3.6 Spellcasting
 * Level 3.9 Transmutations


You had 3 spell levels left.
You knew the following spells:

 Your Spells              Type           Power      Damage    Failure   Level
a - Beastly Appendage     Tmut           30%        N/A       3%          1
b - Wereblood             Tmut           15%        N/A       5%          2
c - Spider Form           Tmut/Pois      9%         N/A       24%         3
d - Ice Form              Ice/Tmut       9%         N/A       61%         4

Your spell library contained the following spells:

 Spells                   Type           Power      Damage    Failure   Level
 Confusing Touch          Hex            2%         N/A       47%         3
 Gell's Gravitas          Tloc           2%         N/A       47%         3
 Teleport Other           Tloc           2%         N/A       47%         3
 Corpse Rot               Necr/Pois/Air  2%         N/A       87%         4
 Dispel Undead            Necr           2%         3d7       87%         4
 Yara's Violent Unravell  Hex/Tmut       4%         3d4       91%         5
 Dispersal                Tloc           1%         N/A       100%        6
 Enfeeble                 Hex            1%         N/A       100%        7
 Death Channel            Necr           Unusable   N/A       N/A         6

Dungeon Overview and Level Annotations

Branches:
Dungeon (4/15)             Temple (0/1) D:7

Altars:
Makhleb
Okawaru

Shops:
D:3 *?*[

Annotations:
D:7 SensoryNuts's ghost, novice DrFi


Innate Abilities, Weirdness & Mutations

You cannot wear most types of armour.
You are amphibious.
You can wear up to eight rings at the same time.
Your skin changes colour to match your surroundings (Stealth+).
Your rubbery body absorbs attacks. (AC +1, EV +1)
((You are camouflaged when in or above water. (Stealth+)))
You have tentacles for arms and can constrict up to eight enemies at once.


Message History

You now have 126 gold pieces (gained 13).
Things that are here:
a +0 dagger; a +0 robe Your transformation is almost over.
You warm up again.
A boulder beetle comes into view.
The spell is extremely dangerous to miscast (61% risk of failure)!
Continue anyway?
You miscast Ice Form.
You are very lightly contaminated with residual magic.
Nothing appears to happen.
The spell is extremely dangerous to miscast (61% risk of failure)!
Continue anyway?
You miscast Ice Form.
Your body is flooded with distortional energies.
You are lightly contaminated with residual magic.
You tentacle-slap the boulder beetle but do no damage.
You squeeze the boulder beetle, but do no damage.
The boulder beetle closely misses you.
You barely miss the boulder beetle. The boulder beetle bites you!
The spell is extremely dangerous to miscast (61% risk of failure)!
Continue anyway?
You miscast Ice Form.
You are lightly contaminated with residual magic.
Your body is twisted painfully.
You are contaminated with residual magic.
The boulder beetle completely misses you.
You tentacle-slap the boulder beetle.
You squeeze the boulder beetle, but do no damage.
The boulder beetle is lightly wounded.
The boulder beetle leaps!
The boulder beetle curls into a ball and begins rolling!
You tentacle-slap the boulder beetle. You squeeze the boulder beetle!
The boulder beetle is lightly wounded.
The boulder beetle hits you!!
The boulder beetle stops rolling and uncurls.
You tentacle-slap the boulder beetle but do no damage.
The boulder beetle is lightly wounded.
The boulder beetle bites you.
You are too injured to fight recklessly!
The boulder beetle bites you!!
Ouch! That really hurt!
You die...

#.################.###.#####.
#.# #. ............... #. #.#
#.#########.###...# #. #.#
###.....B............... #.#
#...°####.#######.#.#.#. #.#
#..#.B# #.#######.#.....
#####.##..##..#
#..°...B..##..#. ......#..#
#..#############
####....####..#.@....#
#>........○#B####.#
.....(######....##.# #
##.#.#######.##....#.#.#
#............##.#.#.#.#
#.#.................#.#
################..###.#
##.###.## #......#


You could see a boulder beetle.

Vanquished Creatures
  A centaur (D:4)
  A scorpion (D:7)
  A bullfrog (D:7)
  An orc priest (D:3)
  Crazy Yiuf (D:4)
  An iguana (D:7)
  Natasha (thrice) (D:4)
  3 orc wizards
  3 gnolls (D:2)
  6 adders
  A white imp (D:7)
  An ufetubus (D:4)
  2 worms
  2 dart slugs (D:3)
  5 orcs
  4 endoplasms
  3 goblins
  9 hobgoblins
  3 jackals (D:3)
  3 quokkas
  6 ball pythons
  6 bats
  A frilled lizard (D:3)
  5 kobolds
  4 rats
76 creatures vanquished.

Vanquished Creatures (others)
  A plant (D:1)
1 creature vanquished.

Grand Total: 77 creatures vanquished

Notes
Turn   | Place    | Note
-------+----------+-------------------------------------------
     0 | D:1      | fingers the Octopode Transmuter began the quest for the
                  | Orb.
     0 | D:1      | Reached XP level 1. HP: 13/13 MP: 3/3
   557 | D:1      | Reached XP level 2. HP: 18/18 MP: 5/5
   952 | D:1      | Learned a level 2 spell: Wereblood
  2020 | D:2      | Reached XP level 3. HP: 19/23 MP: 3/6
  2271 | D:2      | Found a faded altar of an unknown god.
  2272 | D:2      | Noticed a floating eye
  2275 | D:2      | Noticed a floating eye
  2275 | D:2      | Noticed an eye of devastation
  2275 | D:2      | Noticed a great orb of eyes
  2281 | D:2      | Prayed at the altar of an unknown god.
  2281 | D:2      | Became a worshipper of Warmaster Okawaru
  2281 | D:2      | Reached * piety under Okawaru
  2480 | D:2      | Learned a level 3 spell: Spider Form
  2670 | D:2      | Reached XP level 4. HP: 28/29 MP: 4/7
  3522 | D:3      | Reached XP level 5. HP: 10/34 MP: 6/9
  3967 | D:3      | Found Fatacics's Magic Scroll Shoppe.
  3980 | D:3      | Bought a scroll of identify for 20 gold pieces
  4188 | D:3      | Found Bic Riot's Armour Shop.
  4217 | D:3      | Found Uliraeth's General Store.
  4224 | D:3      | Bought a potion of lignification for 42 gold pieces
  4224 | D:3      | Bought 5 atropa-tipped darts for 42 gold pieces
  4272 | D:3      | Found Isupp's Assorted Antiques.
  4735 | D:3      | Bought an inky potion for 24 gold pieces
  5459 | D:4      | Found an iron altar of Okawaru.
  5468 | D:4      | Found a burning altar of Makhleb.
  5480 | D:4      | Reached XP level 6. HP: 40/41 MP: 10/10
  5633 | D:4      | Reached ** piety under Okawaru
  5699 | D:4      | Noticed Natasha
  5710 | D:4      | Killed Natasha
  5711 | D:4      | Reached skill level 4 in Unarmed Combat
  6152 | D:4      | Learned a level 4 spell: Ice Form
  6344 | D:4      | Noticed Natasha
  6354 | D:4      | Killed Natasha
  6639 | D:4      | Noticed Natasha
  6648 | D:4      | Killed Natasha
  7428 | D:4      | Found a runed translucent door.
  7429 | D:4      | Noticed Crazy Yiuf
  7439 | D:4      | Killed Crazy Yiuf
  7859 | D:4      | You are sucked into a shaft and drop 3 floors!
  7921 | D:7      | Noticed a moth of wrath
  7922 | D:7      | Noticed an orc warrior
  7923 | D:7      | Noticed SensoryNuts's ghost (novice DrFi)
  7989 | D:7      | Reached XP level 7. HP: 26/46 MP: 7/12
  8341 | D:7      | Found a staircase to the Ecumenical Temple.
  8486 | D:7      | Noticed a boulder beetle
  8516 | D:7      | Mangled by a boulder beetle

Illustrated notes

Levels and vault maps discovered:
D:1:      psy_arrival_fountain, layout_basic, minivault_26
D:2:      layout_basic, hellmonk_ecumenical_altar_watching_god,
          hex_intersection, kennysheep_generic_room_14
D:3:      layout_loops_corners, serial_shops, nicolae_shop_trees,
          nicolae_shop_advertising_works [nicolae_subvault_shop_adworks], shop,
          nicolae_square_shop
D:4:      wander_river, layout_basic,
          chequers_temple_overflow_statue_of_worship, uniq_natasha,
          uniq_crazy_yiuf_cottage
D:7:      layout_basic, minmay_temple_entry_from_below_a,
          gammafunk_ghost_wrathful_warriors

Skill      XL: |  1  2  3  4  5  6 |
---------------+-------------------+-----
Fighting       | 2 3 |  3.4
Dodging        | 3 |  3.9
Transmutations | 3 |  3.9
Spellcasting   | 3 |  3.6
Unarmed Combat | 4 |  4.5

Action                   |  1- 3 |  4- 6 |  7- 9 || total
-------------------------+-------+-------+-------++-------
Melee: Unarmed           |    66 |   123 |    17 ||   206
       Constrict         |    18 |    31 |     1 ||    50
       Tentacles         |    12 |    21 |     4 ||    37
       Kick              |     5 |    11 |       ||    16
       Punch             |     1 |     3 |       ||     4
 Cast: Beastly Appendage |     4 |    10 |       ||    14
       Wereblood         |     3 |    12 |       ||    15
       Ice Form          |       |     1 |     2 ||     3
  Use: Scroll            |       |     5 |       ||     5
 Stab: Sleeping          |     1 |     2 |       ||     3
Armor: Skin              |     4 |     3 |     2 ||     9
Dodge: Dodged            |    49 |    89 |    10 ||   148

Table legend: (Time is in decaauts)
 A = Elapsed time spent in this place.
 B = Non-inter-level travel time spent in this place.
 C = Inter-level travel time spent in this place.
 D = Time resting spent in this place.
 E = Time spent auto-exploring this place.
 F = Levels seen in this place.
 G = Mean time per level.
                   A        B        C        D        E       F      G
               +--------+--------+--------+--------+--------+-----+--------+
         Total |   8500 |   8337 |    163 |   3840 |   3297 |   5 | 1700.0 |
       Dungeon |   8500 |   8337 |    163 |   3840 |   3297 |   5 | 1700.0 |
               +--------+--------+--------+--------+--------+-----+--------+

Top non-repeatable levels by time:
     D:4: 2515 daAuts
     D:3: 2111 daAuts
     D:2: 1916 daAuts
     D:1: 1300 daAuts
     D:7: 655 daAuts
